Map: World of Sleepers LE

Players

Gerald

  • Race: Protoss Protoss
  • Spawn Location: 1:00

TIME (Oliveira) - Winner!

  • Race: Terran Terran
  • Spawn Location: 7:00

VOD

Have the link to the VOD?

Description

Time

  • Played on: Sept. 6, 2019, 9:01 p.m.
  • Length: 7:24
Show
View Real Time Build Order
Export as new Build Order

Gerald Protoss 

Build Orders: 1 Gate Expand, Oracle Opening 

Get SALT Encoding   

  12  0:00  Probe  
  13  0:12  Probe  
  14  0:18  Pylon  
  14  0:23  Probe  
  15  0:32  Probe  
  15  0:39  Gateway  
  15  0:40  Probe  
  16  0:46  Assimilator  
  17  0:52  Probe  
  18  1:04  Probe  
  19  1:16  Probe  
  20  1:23  Nexus  
  20  1:34  Cybernetics Core  
  20  1:36  Probe  
  21  1:41  Assimilator  
  21  1:48  Probe  
  21  1:52  Pylon  
  22  2:00  Probe, Adept  
  23  2:12  Probe  
  26  2:16  Pylon  
  26  2:20  Stargate, Adept  
  26  2:24  Probe  
  27  2:34  Warp Gate  
  27  2:35  Probe  
  30  2:43  Shield Battery  
  30  2:45  Probe  
  30  2:47  Probe  
  32  2:52  Adept  
  33  2:59  Probe  
  33  3:01  Probe  
  33  3:03  Oracle  
  35  3:11  Probe  
  35  3:14  Probe  
  39  3:20  Pylon  
  39  3:23  Probe  
  40  3:32  Probe, Stalker  
  43  3:35  Probe  
  43  3:41  Oracle  
  44  3:44  Probe  
  44  3:48  Probe  
  47  3:56  Probe  
  47  4:00  Probe  
  49  4:07  Twilight Council  
  49  4:08  Probe  
  49  4:09  Forge  
  50  4:12  Probe  
  51  4:20  Probe  
  49  4:24  Probe  
  49  4:30  Assimilator  
  49  4:31  Gateway  
  49  4:32  Gateway, Probe, Assimilator  
  49  4:33  Stalker  
  49  4:36  Shield Battery  
  49  4:37  Pylon  
  49  4:38  Blink  
  52  4:51  Probe  
  53  4:59  Stalker  
  55  5:02  Shield Battery  
  55  5:04  Pylon  
  52  5:10  Shield Battery, Phoenix  
  52  5:17  Probe  
  52  5:20  Adept  
  57  5:27  Adept  
  57  5:28  Adept  
  61  5:35  Probe  
  62  5:39  Gateway x2, Phoenix  
  62  5:42  Pylon  
  62  5:47  Pylon  
  62  5:48  Pylon  
  62  6:05  Pylon  
  62  6:06  Stalker x2  
  62  6:07  Stalker  
  54  6:26  Shield Battery  
  54  6:29  Stalker  
  54  6:30  Stalker x2  
  60  6:39  Stalker x2  
  58  6:56  Stalker x3  
  63  7:09  Zealot  
  63  7:10  Zealot  
Show
View Real Time Build Order
Export as new Build Order

TIME Terran - Winner!

Build Orders: Gas First Reaper Expand 

Get SALT Encoding   

  12  0:00  SCV  
  13  0:13  SCV  
  14  0:17  Supply Depot  
  14  0:25  SCV  
  14  0:27  Refinery  
  15  0:38  SCV  
  16  0:44  Barracks  
  16  0:50  SCV  
  17  1:02  SCV  
  18  1:14  SCV  
  19  1:31  Orbital Command, Reaper  
  20  1:43  Command Center  
  20  1:52  Factory  
  20  1:57  SCV  
  21  2:05  Refinery  
  21  2:07  Barracks Reactor  
  21  2:09  SCV  
  22  2:18  Supply Depot  
  22  2:21  SCV  
  23  2:37  Starport  
  23  2:40  SCV  
  24  2:46  Hellion  
  24  2:47  Hellion  
  28  2:51  Marine  
  28  2:52  SCV  
  28  2:55  Orbital Command  
  30  3:04  SCV  
  31  3:16  Marine, Factory Tech Lab, SCV  
  32  3:24  Viking  
  32  3:25  SCV, Marine  
  35  3:28  SCV  
  36  3:34  Marine  
  36  3:35  Supply Depot  
  36  3:40  Cyclone  
  39  3:45  Marine  
  40  3:51  SCV  
  40  3:52  Marine, SCV  
  43  3:57  Supply Depot  
  41  4:03  Marine  
  41  4:04  Medivac  
  44  4:10  Marine  
  44  4:12  Siege Tank  
  44  4:13  SCV  
  44  4:15  SCV  
  49  4:20  Marine  
  48  4:25  SCV  
  48  4:27  Marine, SCV  
  51  4:34  Viking  
  53  4:38  Marine  
  53  4:43  Engineering Bay  
  53  4:44  Siege Tank  
  57  4:45  Marine  
  57  4:49  SCV x2  
  60  4:52  Supply Depot  
  60  5:02  SCV x2  
  62  5:14  Viking, Marine x2  
  62  5:15  Supply Depot  
  62  5:17  Bunker  
  62  5:18  Bunker, Missile Turret  
  66  5:22  SCV  
  70  5:28  Siege Tank  
  70  5:32  Marine  
  70  5:37  SCV, Marine  
  70  5:39  Supply Depot  
  70  5:47  Starport Tech Lab  
  70  5:49  Marine  
  70  5:51  SCV x2  
  70  5:56  Bunker  
  73  6:03  Marine  
  73  6:06  Command Center  
  73  6:08  Siege Tank  
  75  6:12  SCV x2  
  75  6:14  Marine  
  78  6:21  Marine  
  78  6:24  Raven  
  78  6:32  Marine  
  79  6:33  Supply Depot  
  79  6:34  Barracks x2  
  79  6:35  SCV  
  79  6:38  Marine  
  81  6:41  Siege Tank  
  84  6:47  SCV  
  84  6:50  Marine  
  86  6:55  SCV  
  86  6:56  Marine  
  87  7:22  Barracks Tech Lab x2  
  86  7:23  Engineering Bay  
Tags
 
Add a new tag
Caveats
  • Supply blocks, unpowered buildings, or Contaminate may cause inaccurate times.
  • Supply counts are checked every 10 seconds.